 Dungeon Crawl Stone Soup version 0.20.0-8-g6b59dc7 (webtiles) character file.

125 Minion the Sneak (level 5, -2/34 HPs)
             Began as an Octopode Assassin on May 30, 2017.
             Slain by Sigmund
             ... wielding a +0 scythe
              (7 damage)
             ... on level 3 of the Dungeon.
             The game lasted 00:04:17 (2055 turns).

Minion the Sneak (Octopode Assassin)                Turns: 2055, Time: 00:04:18

Health: -2/34      AC:  1    Str: 11    XL:     5   Next: 9%
Magic:  5/5        EV: 14    Int: 13    God:
Gold:   67         SH:  0    Dex: 14    Spells: 4/4 levels left

rFire    . . .     SeeInvis .   a - +2 dagger
rCold    + . .     Gourm    .   (no shield)
rNeg     + . .     Faith    .   (helmet restricted)
rPois    .         Spirit   .   (no amulet)
rElec    .         Reflect  .   e - ring of protection from cold
rCorr    .         Harm     .   h - ring of positive energy
MR       +....                  m - ring of protection from magic
Stlth    ++++......             (no ring)
Regen    0.2/turn               (no ring)
MPRegen  0.1/turn               (no ring)
                                (no ring)
                                (no ring)

@: no status effects
A: almost no armour, stealthy swim, amphibious, 8 rings, constrict 8, camouflage
1, gelatinous body 1
a: no special abilities


You were on level 3 of the Dungeon.
You were hungry.

You visited 1 branch of the dungeon, and saw 3 of its levels.

You collected 67 gold pieces.

Inventory:

Hand Weapons
 a - a +2 dagger (weapon)
 b - a +0 blowgun
Missiles
 c - 21 poisoned needles
 d - 2 curare-tipped needles
Jewellery
 e - a ring of protection from cold (left tentacle)
 h - a ring of positive energy (right tentacle)
 m - a ring of protection from magic (on tentacle)
Scrolls
 k - 3 scrolls of identify {unknown}
 o - a scroll of immolation {unknown}
 p - a scroll of remove curse {unknown}
 q - a scroll of magic mapping {unknown}
Potions
 l - 2 potions of heal wounds {unknown}
 n - 3 potions of curing {unknown}
Comestibles
 f - 2 bread rations
 g - 2 meat rations
 i - 2 chunks of flesh
 j - 3 fruits


   Skills:
 - Level 2.0 Fighting
 + Level 3.4 Short Blades
 - Level 2.0 Throwing
 + Level 2.8 Dodging
 + Level 6.4 Stealth


You had 4 spell levels left.
You didn't know any spells.

Dungeon Overview and Level Annotations

Branches:
Dungeon (3/15)

Altars:
Xom

Annotations:
D:3 Sigmund


Innate Abilities, Weirdness & Mutations

You cannot wear most types of armour.
You are very stealthy in the water. (Stealth+)
You are amphibious.
You can wear up to eight rings at the same time.
You can use your tentacles to constrict eight enemies at once.
Your skin changes colour to match your surroundings (Stealth+).
Your rubbery body absorbs attacks. (AC +1, EV +1)


Message History

You hear the slow rusting of a drain.
Found a quarterstaff.
n - 3 bubbling sapphire potions (gained 1) Sigmund the Dreaded comes into view.
He is wielding a scythe.
Sigmund shouts!
Sigmund mumbles some strange words.
Sigmund flickers and vanishes!
Deactivating autopickup; reactivate with Ctrl-A.
No target in view!
Found 27 bolts.
Something hits you!
Found 9 gold pieces.
You see here a wand of scattershot (?/9).
You hit something. You miss something. Something hits you!
* * * LOW HITPOINT WARNING * * *
You are feeling hungry.
You barely miss something. You hit something. You squeeze something.
Something hits you!
You die...

## .# .#### ....#
....# ### ....# ##
.... ....# .#...($
..).#
###########.......
....###.........@!#
........###########
#########


There were no monsters in sight!

Vanquished Creatures
  Jessica (D:2)
  4 adders
  3 worms (D:2)
  4 leopard geckos
  5 bats
  3 giant cockroaches
  11 goblins
  3 hobgoblins
  A jackal (D:2)
  5 kobolds
  A quokka (D:3)
  5 frilled lizards
  6 rats
52 creatures vanquished.

Notes
Turn   | Place    | Note
-------+----------+-------------------------------------------
     0 | D:1      | Minion the Octopode Assassin began the quest for the Orb.
     0 | D:1      | Reached XP level 1. HP: 14/14 MP: 1/1
   211 | D:1      | Reached XP level 2. HP: 19/19 MP: 2/2
   815 | D:1      | Reached XP level 3. HP: 24/24 MP: 3/3
  1207 | D:2      | Reached XP level 4. HP: 29/29 MP: 4/4
  1368 | D:2      | Found a shimmering altar of Xom.
  1368 | D:2      | Found a shimmering altar of Xom.
  1368 | D:2      | Found a shimmering altar of Xom.
  1369 | D:2      | Found a shimmering altar of Xom.
  1370 | D:2      | Found a shimmering altar of Xom.
  1373 | D:2      | Found a shimmering altar of Xom.
  1374 | D:2      | Reached skill level 6 in Stealth
  1924 | D:3      | Noticed Jessica
  1929 | D:2      | Killed Jessica
  1969 | D:3      | Reached XP level 5. HP: 28/34 MP: 5/5
  2047 | D:3      | Noticed Sigmund
  2055 | D:3      | Slain by Sigmund

Skill      XL: |  1  2  3  4 |
---------------+-------------+-----
Dodging        | 2 |  2.8
Short Blades   | 3 |  3.4
Stealth        | 6 |  6.4
Fighting       | |  2.0
Throwing       | |  2.0

Action                   |  1- 3 |  4- 6 || total
-------------------------+-------+-------++-------
Melee: Dagger            |    54 |    40 ||    94
       Constrict         |    11 |    10 ||    21
       Tentacles         |     4 |     5 ||     9
 Stab: Sleeping          |    19 |     2 ||    21
       Distracted        |     1 |       ||     1
  Eat: Chunk             |     1 |     2 ||     3
Armor: Skin              |     3 |       ||     3
Dodge: Dodged            |    22 |    24 ||    46
